Cogmind - Beta 16.1 @@@ ROGUE MODE // 2026.03.15 @ 03:24:14 Player: RecursiveCharlatan Result: Destroyed by 1Y-VG9(R) with Subdweller Shrapnel Launcher Performance ------------- Evolutions (0) 0 Regions Visited (2) 400 Robots Destroyed (26) 130 Value Destroyed (823) 823 Prototype IDs (13) 260 Alien Tech Used (0) 0 Bonus (0) 0 TOTAL SCORE: 1613 Bonus ------- None Cogmind --------- Core Integrity 0/250 Matter 278/300 Energy 160/160 System Corruption 0% Temperature Cool (0) Movement Treading (160) Location -10/Subcaves Parts ------- > --- POWER (1) -------- Light Nuclear Core > --- PROPULSION (2) --- Light Treads Light Treads > --- UTILITY (2) ------ Large Storage Unit Core Shielding > --- WEAPON (2) ------- Heavy Assault Rifle Heavy Assault Rifle > --- INVENTORY (15) --- Light Treads Arachnoskeleton Small Storage Unit Seismic Detector ECM Suite Hacking Suite Particle Gun Particle Gun Particle Gun Heavy Assault Rifle Heavy Assault Rifle Mining Laser Peak State ------------ > --- POWER ------------ Light Nuclear Core > --- PROPULSION ------- Light Treads Light Treads > --- UTILITY ---------- Large Storage Unit Core Shielding > --- WEAPON ----------- Heavy Assault Rifle Mining Laser > --- INVENTORY -------- Light Treads Arachnoskeleton Small Storage Unit Seismic Detector ECM Suite Hacking Suite Particle Gun Particle Gun Particle Gun Heavy Assault Rifle Heavy Assault Rifle Heavy Assault Rifle [Rating: 14] Favorites ----------- Power Light Ion Engine Engine Light Ion Engine Power Core Light Nuclear Core Propulsion Light Treads Treads Light Treads Leg Aluminum Leg Utility Large Storage Unit Device Seismic Detector Storage Large Storage Unit Protection Light Armor Plating Weapon Heavy Assault Rifle Energy Gun Medium Laser Ballistic Gun Heavy Assault Rifle Special Weapon Mining Laser Build | -11 -10 -10 ------- Run | Yrd Mat Sub Slots Evolved . | . . . Power . | . . . Propulsion . | . . . Utility . | . . . Weapon . | . . . Parts Attached 22 | 7 11 4 Power 3 | 1 1 1 Engine 2 | 1 1 . Core 1 | . . 1 Reactor . | . . . Propulsion 6 | 2 3 1 Treads 4 | . 3 1 Leg 2 | 2 . . Wheel . | . . . Hover . | . . . Flight . | . . . Utility 7 | 2 3 2 Device 2 | 1 1 . Storage 2 | 1 1 . Processor . | . . . Hackware . | . . . Protection 3 | . 1 2 Artifact . | . . . Weapon 6 | 2 4 . Energy Gun 2 | 1 1 . Energy Cannon . | . . . Ballistic Gun 3 | 1 2 . Ballistic Cannon . | . . . Launcher . | . . . Special Weapon 1 | . 1 . Impact Weapon . | . . . Slashing Weapon . | . . . Piercing Weapon . | . . . Special Melee Weapon . | . . . Unidentified Prototypes . | . . . Parts Lost 10 | . 7 3 Power 2 | . 2 . Propulsion 3 | . 2 1 Utility 3 | . 1 2 Weapon 2 | . 2 . Highest Loss Streak 2 | . 2 2 To Critical Strikes . | . . . Average Backups 11 | 3 10 12 Power . | . 1 . Propulsion 1 | 1 2 1 Utility 5 | . 5 5 Weapon 3 | . 2 6 Tool/Special . | . . . Unused Backups 11 | . 1 10 Power . | . . . Propulsion 2 | . . 2 Utility 3 | . . 3 Weapon 6 | . 1 5 Tool/Special . | . . . Average Slot Usage (%) 91 | . 89 95 Engine 6 | . 8 . Core 2 | . . 10 Treads 20 | . 18 27 Leg 7 | . 9 . Device 5 | . 7 . Storage 14 | . 14 14 Protection 6 | . 3 13 Energy Gun 6 | . 9 . Ballistic Gun 18 | . 16 24 Special Weapon 1 | . . 3 Peak Build Rating 14 | 7 10 14 Average Rating 8 | 5 7 11 On Entrance 5 | . 7 9 Avg Prop Armor Cover (%) . | . . . Naked Turns . | . . . Heaviest Build 34 | 12 29 34 Greatest Support 40 | 20 40 40 Greatest Overweight (x) 2 | . 2 1 Average Overweight (x) . | . . . Largest Inventory Capacity 15 | 8 15 15 Average Capacity 14 | 7 14 15 Most Carried 15 | 4 15 15 Average Carried 11 | 3 10 12 Final Capacity 15 | 8 15 15 Final Carried 15 | 4 15 14 Class Distribution -------------------- 100% | Mutant Dominant Class ---------------- Mutant | -10/Materials Mutant | -10/Subcaves Resources | -11 -10 -10 ----------- Run | Yrd Mat Sub Matter Collected 698 | 271 216 211 Remotely . | . . . Salvage Created 990 | 27 728 235 Parts 58 | 2 39 17 Haulers Intercepted 2 | . 2 . Recyclers Shooed . | . . . Parts Field Recycled . | . . . Retrieved Matter . | . . . Parts Self-Destructed 6 | . . 6 Prevented . | . . . Parts Restored . | . . . Kills | -11 -10 -10 ------- Run | Yrd Mat Sub Combat Hostiles Destroyed 20 | . 14 6 Guns 20 | . 14 6 Classes Destroyed 6 | 1 5 . Tunneler 1 | 1 . . Hauler 2 | . 2 . Operator 1 | . 1 . Watcher 2 | . 2 . Grunt 12 | . 12 . Subdweller 8 | . 2 6 Best Kill Streak 3 | 1 3 2 Combat Bots Only 3 | . 3 2 Max Kills in Single Turn 1 | 1 1 1 Gunslinging . | . . . Exploded . | . . . Melee . | . . . Uniques/NPCs Destroyed . | . . . Combat | -11 -10 -10 -------- Run | Yrd Mat Sub Hostile Shots Fired 119 | . 74 45 Missed 29 | . 15 14 Hits 90 | . 59 31 Projectile 90 | . 59 31 AOE 1 | . . 1 Critical Strikes 1 | . 1 . Damage Taken 1624 | . 903 721 Core 263 | . 127 136 Absorbed by Shields . | . . . Redirected to Shielding 11 | . . 11 Regen/Repaired (Parts) 121 | . 121 . Core Remaining (%) 100 | 100 . . Volleys Fired 120 | 11 76 33 Largest 2 | 2 2 2 Hottest 100 | 70 100 100 Shots Fired 222 | 22 144 56 Gun 210 | 22 142 46 Cannon . | . . . Launcher . | . . . Special 12 | . 2 10 Kinetic 131 | 11 74 46 Thermal 91 | 11 70 10 Explosive . | . . . Electromagnetic . | . . . Robot Hit Streak 12 | 7 7 12 Robot Miss Streak 4 | 2 4 1 Penetration Max . | . . . Secondary Targets 1 | . . 1 Max Gunslinging Chain 1 | . . 1 Shots Hit Robots 148 | 16 91 41 Core Hits 60 | 3 45 12 Critical Kills 1 | . . 1 Critical Parts Destroyed . | . . . Critical Strikes 7 | 1 5 1 Burn 6 | 1 5 . Destroy 1 | . . 1 Melee Attacks . | . . . Impact . | . . . Slashing . | . . . Piercing . | . . . Sneak Attacks . | . . . Combat Hostiles . | . . . Follow-up Attacks . | . . . Damage Inflicted 1690 | 197 933 560 Guns 1678 | 197 921 560 Cannons . | . . . Explosions . | . . . Melee . | . . . Ramming 12 | . 12 . Kinetic 1050 | 84 406 560 Thermal 628 | 113 515 . Explosive . | . . . Electromagnetic . | . . . Impact . | . . . Slashing . | . . . Piercing . | . . . Highest Corruption . | . . . Average Corruption . | . . . Corruption Purged . | . . . Corruption Blocked . | . . . Overload Shots . | . . . Overflow Damage 61 | . 61 . Projectiles . | . . . Explosions 61 | . 61 . Melee . | . . . Knockbacks . | . . . Impact . | . . . Kinetic . | . . . Secondary . | . . . Self-Inflicted Damage 99 | . 99 . Shots 1 | . 1 . Rammed 1 | . 1 . Targets Rammed 1 | . 1 . Kicked . | . . . Crushed . | . . . Highest Temperature 244 | 170 244 . Average Temperature 63 | 88 59 . Received Heat Transfer 351 | . 345 6 Siege Activations . | . . . Martial Activations . | . . . Shielding Activations . | . . . Robots Disrupted . | . . . Combat Hostiles . | . . . Robots Corrupted . | . . . Combat Hostiles . | . . . Parts Fried . | . . . Impact Corruptions . | . . . Robots Melted . | . . . Combat Hostiles . | . . . Parts Melted 7 | . 7 . Heat Transferred 2294 | 407 1887 . Parts Sabotaged . | . . . Parts Stolen . | . . . Parts Stripped . | . . . Power Chain Reactions . | . . . Alert | -11 -10 -10 ------- Run | Yrd Mat Sub Maximum Alert Level . | . . . Low Security (%) 100 | 100 100 . Level 1 . | . . . Level 2 . | . . . Level 3 . | . . . Level 4 . | . . . Level 5 . | . . . High Security . | . . . Max Security . | . . . Peak Influence 60 | 5 60 . Initial . | . . . Average 15 | . 16 . Influence Increases 486 | 5 481 . Destroy 0b10 Robot/C 240 | . 240 . Destroy 0b10 Robot/NC 30 | 5 25 . Destroy Leader 68 | . 68 . Successful Hack 46 | . 46 . Select Force Hacks 30 | . 30 . Disable Machine 15 | . 15 . Destroy Structure 27 | . 27 . Lose Combat Pursuer 30 | . 30 . Influence Decreases 486 | 5 443 38 Entered New Map 19 | . . 19 Time Decay 409 | 5 385 19 Lost Part 58 | . 58 . Squads Dispatched 5 | . 5 . Investigation 3 | . 3 . Extermination . | . . . Reinforcement 2 | . 2 . Assault . | . . . Garrison . | . . . Intercept . | . . . Searches Triggered . | . . . Construction Impeded . | . . . Haulers Reinforced . | . . . Active Scanning Responses . | . . . Cargo Convoy Interrupts . | . . . Stealth | -11 -10 -10 --------- Run | Yrd Mat Sub Distress Signals 1 | . 1 . Communications Jammed . | . . . Distress Signals . | . . . Times Spotted 34 | . 27 7 Peak Tracking Total 5 | . 5 2 Tactical Retreats 2 | . 2 . Traps | -11 -10 -10 ------- Run | Yrd Mat Sub Traps Triggered 2 | . 2 . Indirectly . | . . . Trap Hack Attempts . | . . . Triggered . | . . . Disarmed . | . . . Reprogrammed . | . . . Reused . | . . . Traps Extracted . | . . . Installed . | . . . Triggered . | . . . Machines | -11 -10 -10 ---------- Run | Yrd Mat Sub Machines Disabled 2 | . 1 1 Max in Single Turn 1 | . 1 1 Machines Repaired . | . . . Machines Dismantled . | . . . Machines Sabotaged . | . . . Overloaded Fab Kills . | . . . Hacking | -11 -10 -10 --------- Run | Yrd Mat Sub Machines Accessed 8 | . 7 1 Terminals 5 | . 5 . Fabricators . | . . . Repair Stations 1 | . 1 . Recycling Units 1 | . 1 . Scanalyzers . | . . . Garrison Access . | . . . Total Hacks 14 | . 13 1 Successful 9 | . 8 1 Failed 5 | . 5 . Catastrophic . | . . . Database Lockouts . | . . . Manual 10 | . 10 . Terminals 10 | . 10 . Fabricators . | . . . Repair Stations 2 | . 2 . Recycling Units 1 | . 1 . Scanalyzers . | . . . Garrison Access . | . . . Terminal Hacks 1 | . . 1 Proto ID Catalog 1 | . . 1 Fabricator Hacks . | . . . Repair Station Hacks 2 | . 2 . Scan Component 1 | . 1 . Repair 1 | . 1 . Recycling Unit Hacks . | . . . Scanalyzer . | . . . Garrison Access Hacks . | . . . Unauthorized Hacks 6 | . 6 . Terminals 5 | . 5 . Skim 5 | . 5 . Fabricators . | . . . Repair Stations . | . . . Recycling Units 1 | . 1 . Tunnel 1 | . 1 . Scanalyzers . | . . . Garrison Access . | . . . Data Cores Recovered . | . . . Used . | . . . Hacking Detections 6 | . 6 . Full Trace Events . | . . . Feedback Events . | . . . Feedback Blocked . | . . . Robot Schematics Acquired . | . . . Robots Built . | . . . Authchips . | . . . Time . | . . . Total Robot Build Rating . | . . . Part Schematics Acquired . | . . . Parts Built . | . . . Authchips . | . . . Time . | . . . Total Part Build Rating . | . . . Part Studies Acquired . | . . . Parts Repaired 1 | . 1 . Time 26 | . 26 . Parts Recycled . | . . . Recycled Matter . | . . . Retrieved Matter . | . . . Retrieved Components . | . . . Parts Scanalyzed . | . . . Part Schematics Acquired . | . . . Parts Damaged . | . . . Bothacking | -11 -10 -10 ------------ Run | Yrd Mat Sub Used RIF Installer . | . . . Robots Hacked . | . . . Non-combat . | . . . Combat . | . . . Robot Hacks Applied . | . . . Relay Couplers Released . | . . . Fabnet Peak Effective % . | . . . Robots Rewired . | . . . Allies Hacked . | . . . Hacks Repelled . | . . . Allies | -11 -10 -10 -------- Run | Yrd Mat Sub Total Allies . | . . . Largest Group . | . . . Highest-Rated Group . | . . . Highest-Rated Ally . | . . . Total Orders . | . . . Ally Attacks . | . . . Total Damage . | . . . Kills . | . . . Allies Corrupted . | . . . Allies Melted . | . . . Intel | -11 -10 -10 ------- Run | Yrd Mat Sub Active Infowar (turns) 1227 | 3 1224 . Seismic 1227 | 3 1224 . Robot Analysis Total . | . . . Derelict Logs Recovered . | . . . Drone Launches . | . . . Drone Recoveries . | . . . Exploration | -11 -10 -10 ------------- Run | Yrd Mat Sub Turns Passed 3193 | 94 2321 778 Spaces Moved 1429 | 49 991 389 Core 14 | 14 . . Treads 1133 | . 744 389 Legs 282 | 35 247 . Wheels . | . . . Hover . | . . . Flight . | . . . Fastest Speed 50 | 50 120 160 Average Speed 160 | 100 163 162 Slowest Speed 260 | 120 260 240 Overloaded Moves . | . . . Propulsion Burnouts . | . . . Robots Hopped . | . . . Potential Cave-ins . | . . . Cave-ins Triggered . | . . . Exploration Rate (%) 43 | 4 98 29 Regions Visited 2 Branch Regions 1 Pre-discovered Areas 1 | . 1 . Known Exits Taken . | . . . Unknown Exits Taken 2 | 1 1 . Scrap Searched . | . . . Spaces Dug 2 | . 2 . Terrain Destroyed 25 | . 25 . Melee . | . . . Projectile 2 | . 2 . AOE 23 | . 23 . Terrain Rammed . | . . . Walls Destroyed . | . . . Machines Disabled . | . . . Actions | -11 -10 -10 --------- Run | Yrd Mat Sub Total 2090 | 70 1563 457 Wait 478 | . 455 23 Move 1427 | 48 990 389 Hop . | . . . Pick Up 24 | 4 19 1 Fast Attach 12 | 7 5 . Attach 10 | . 6 4 Detach 1 | . 1 . Swap 11 | . 4 7 Drop 6 | . 6 . Fire 120 | 11 76 33 Melee . | . . . Ram . | . . . Kick . | . . . Crush 1 | . 1 . Escape Stasis . | . . . Rewire . | . . . Trap . | . . . Miscellaneous . | . . . Route ------- -11/Scrapyard -10/Materials (discovered 6 exits: [*Mat x3] / [*Min x2] / *Sub) -10/Subcaves (discovered 2 exits: Mat / Rec) History --------- Turn | Location | Event 2 | -11/Scrapyard | Met Revision 17 11 | -11/Scrapyard | Discovered new exit (range 15) 95 | -11/Scrapyard | Entered Materials 317 | -10/Materials | Build established: Mutant 440 | -10/Materials | Discovered new exit (range 14) 623 | -10/Materials | Discovered new exit (range 10) 795 | -10/Materials | Derelicts attacked the area 1078 | -10/Materials | Discovered new exit (range 3) 1343 | -10/Materials | Discovered new exit (range 7) 1480 | -10/Materials | Discovered new exit (range 12) 1585 | -10/Materials | Repaired Lgt. Treads 1766 | -10/Materials | Core integrity fell below 50% 1799 | -10/Materials | Learned Storage emergency access door positions 1835 | -10/Materials | Learned Recycling recycling unit intel 1859 | -10/Materials | Learned Storage emergency access door positions 1880 | -10/Materials | Learned location of 2 exits from Subcaves 1886 | -10/Materials | Learned Storage trap positions 1902 | -10/Materials | Learned Recycling recycling unit intel 2082 | -10/Materials | Discovered new exit (range 8) 2416 | -10/Materials | Entered Subcaves 2417 | -10/Subcaves | Identified exit to Recycling 2417 | -10/Subcaves | Identified exit to Materials 2853 | -10/Subcaves | Core integrity fell below 20% 3124 | -10/Subcaves | Visited 4L-MR0's lab 3147 | -10/Subcaves | Found Arachnoskeleton 3194 | -10/Subcaves | Destroyed by 1Y-VG9(R) with Subdweller Shrapnel Launcher Last Messages --------------- Tripod Weapons Platform Hoverbase Flightbrick Gun Armor Tower Shield Power Bank Rainbow Chip Procsplitter VL-GR5's Exoskeleton "Deathgrip" Powered Cannon 03140_ Testing Chamber breached. 03143_ 4L-MR0 mumbles: "I'm surprised some of them are even willing to come in here given their fear of my usual visitors." 03147_ Acquired Arachnoskeleton. 03157_ 4L-MR0 mumbles: "Who knows where that last prototype ended up, probably tossed aside somewhere as if it were useless junk..." 03169_ Acquired 10 matter. 03194_ LC-QSW(R) destroyed. Map ----- +----------------------------------------------------+ | ???????????????????????###??### #???????? | | ???????????????????????#" ##" ####???????? | | ?????????????????????????# ######????##????? | | ?????????????????????????##"#" #??????? ?????? | | ??????????????????????????### ##???? #??????? | | ??????????????????????????## ### #??????? | | ??????????????????????????# #???????? | | ??????????????????????????# ##???????? | | ??????????????????????????## ### ####????????? | | ???????????????????????????#### #####???????????? | | ?????????????????????????????# ##????????????? | | ???????????????????????????### #????????????? | | ??????????????????????????## #????????????? | | ?????????????#########??### #????????????? | | ????????????##""" "" #### ?????? | | ????????????#""" " %"^### # ?????? | | ????????????#"" """""" ## #### ?????? | | ????????????#"""" " ## #??# ## ?????? | | ????????????###"" # # #??# ##????????? | | ?????????????###+##### ## #?? ##?????????? | | ???????????????????? | +----------------------------------------------------+ Best States ------------- Heat Dissipation 25 Energy Generation 14 Energy Capacity 160 Matter Stores 300 Matter Capacity 300 Sight Range 16 Terrain Scan Density 10 Armor Coverage 150 Core Shielding 20 Evasion (%) 55 Recoil Reduction 2 Item Schematics ----------------- None Robot Schematics ------------------ None Fabricated ------------ Nothing Repaired ---------- Lgt. Treads | 13% | -10/Materials Studied --------- None Alien Tech Used ----------------- None Achievements -------------- None Challenges ------------ None Game ------ Seed DynamicSmallBank Manual? 0 Play Time 00:15:02 Cumulative 141.7 hours Start 2026.03.15 @ 03:06:45 End 2026.03.15 @ 03:24:14 Sessions 1 Manual Loads 0 Difficulty Rogue Special Mode None Game No. 268 Rogue 268 Adventurer 0 Explorer 0 Win Type - Total 3 Types 2/0/0/1/0/0/0/0/0/0 Lore% 58 Gallery% 58 Achievement% 44 Wizard Run 0 Options --------- Layout 2 ASCII 0 Keyboard 1 Movement Numpad Keybinds 0 Fullscreen 1 Font 24/Smallcaps Map View 50x44 Zoom Use 0% Tactical HUD 1 Map Filters NONE Filters NONE Steam 1 RUN: 74f798a5-ea34-4578-8ff4-ce717441bc31